 Dungeon Crawl Stone Soup version 0.27-a0-46-g34d46f0a3f (webtiles) character file.

Game seed: 10913169837863539889

31 Borgoz the Shield-Bearer (level 3, 0/14 (26) HPs)
             Began as a Halfling Fighter on Jan 7, 2021.
             Slain by a goblin
             ... wielding a +2 dagger of draining
             ... led by Robin
              (3 damage)
             ... on level 2 of the Dungeon.
             The game lasted 00:01:01 (1095 turns).

Borgoz the Shield-Bearer (Halfling Fighter)         Turns: 1095, Time: 00:01:01

HP:   0/14 (26)     AC: 11    Str: 17    XL:     3   Next: 40%
MP:   3/3           EV:  4    Int:  6    God:
Gold: 77            SH:  9    Dex: 10    Spells: 2/2 levels left

rFire    . . .     SeeInvis .   a - +0 long sword
rCold    . . .     Faith    .   c - +0 kite shield
rNeg     . . .     Spirit   .   i - +0 plate armour
rPois    .         Reflect  .   (no helmet)
rElec    .         Harm     .   (no cloak)
rCorr    .         Rampage  .   (no gloves)
Will     .....                  (no boots)
Stlth    ..........             (no amulet)
HPRegen  0.04/turn              h - -4 ring of dexterity (curse)
MPRegen  0.08/turn              (no ring)

@: attractive, very heavily drained
A: small, mutation resistance 1
a: no special abilities


You were on level 2 of the Dungeon.
You visited 1 branch of the dungeon, and saw 2 of its levels.

You collected 77 gold pieces.

Inventory:

Hand Weapons
 a - a +0 long sword (weapon)
Armour
 c - a +0 kite shield (worn)
 i - a +0 plate armour (worn)
Jewellery
 h - a cursed -4 ring of dexterity (left hand)
Scrolls
 b - a scroll of remove curse {unknown}
 j - a scroll of teleportation {unknown}
Potions
 d - a potion of might
 e - a potion of flight {unknown}
 g - a potion of mutation {unknown}


   Skills:
 * Level 3.1 Fighting
 * Level 2.6 Long Blades
 + Level 3.5 Armour
 + Level 3.5 Shields


You had 2 spell levels left.
You didn't know any spells.
Your spell library was empty.

Dungeon Overview and Level Annotations

Branches:
Dungeon (2/15)

Altars:

Annotations:
D:2 Robin


Innate Abilities, Weirdness & Mutations

You are small and have problems with some larger weapons.
You are somewhat resistant to further mutation.


Message History

You block the giant cockroach's attack. The goblin hits you but does no damage.
You feel drained.
You are too injured to fight recklessly!
You are too injured to fight recklessly!
You are too injured to fight recklessly!
You are too injured to fight recklessly!
You are too injured to fight recklessly!
You are too injured to fight recklessly!
You are too injured to fight recklessly!
You are too injured to fight recklessly!
You are too injured to fight recklessly!
You are too injured to fight recklessly!
You are too injured to fight recklessly!
It was a potion of attraction.
You feel attractive to monsters.
Robin hits you with a cursed -2 falchion.
* * * LOW HITPOINT WARNING * * *
You block the giant cockroach's attack.
The goblin hits you with a +2 dagger of draining.
You die...

#.# #.# .# #.#
.#### #.#
######..... #>#
#........<# #.#
#.........# #.#
#.........# #.#
#.†)).....#
###.###..@g.....#
#.......gBg..g...
#......#######..>
#......# .
#......# #......#
#......# #.......
#########


You could see Robin, a giant cockroach, a hobgoblin (strong) and 2 goblins.

Vanquished Creatures
  2 dart slugs (D:1)
  3 leopard geckos
  3 giant cockroaches
  2 hobgoblins (D:1)
  3 bats (D:1)
  5 goblins
  3 kobolds (D:1)
  A rat (D:1)
22 creatures vanquished.

Notes
Turn   | Place    | Note
-------+----------+-------------------------------------------
     0 | D:1      | Borgoz the Halfling Fighter began the quest for the Orb.
     0 | D:1      | Reached XP level 1. HP: 15/15 MP: 1/1
   144 | D:1      | Reached XP level 2. HP: 20/20 MP: 2/2
   302 | D:1      | Reached XP level 3. HP: 6/26 MP: 3/3
  1085 | D:2      | Noticed Robin
  1095 | D:2      | Slain by a goblin

Illustrated notes

Levels and vault maps discovered:
D:1:      dpeg_arrival_boxorama, layout_rooms
D:2:      layout_rooms, amethyst_overflow_temple_binary, uniq_robin,
          uniq_crazy_yiuf_cottage

Skill      XL: |  1  2 |
---------------+-------+-----
Fighting       | 3 |  3.1
Long Blades    | |  2.6
Armour         | |  3.5
Shields        | |  3.5

Action                   || total
-------------------------++-------
Melee: Long sword        ||    83
  Use: Scroll            ||     2
       Potion            ||     1
Armor: Scale mail        ||    27
       Plate armour      ||    39
Dodge: Dodged            ||    25
Block: Kite shield       ||    61
       Rpst.: Long sword ||     5

Table legend: (Time is in decaauts)
 A = Elapsed time spent in this place.
 B = Non-inter-level travel time spent in this place.
 C = Inter-level travel time spent in this place.
 D = Time resting spent in this place.
 E = Time spent auto-exploring this place.
 F = Levels seen in this place.
 G = Mean time per level.
                   A        B        C        D        E       F      G
               +--------+--------+--------+--------+--------+-----+--------+
         Total |   1125 |   1045 |     80 |    240 |    625 |   2 |  562.5 |
       Dungeon |   1125 |   1045 |     80 |    240 |    625 |   2 |  562.5 |
               +--------+--------+--------+--------+--------+-----+--------+

Top non-repeatable levels by time:
     D:1: 970 daAuts
     D:2: 154 daAuts
